 Dungeon Crawl Stone Soup version bcrawl-1.13.5 (webtiles) character file.

Game seed: 7827108348650277193

405 MisterOstroum the Skirmisher (level 6, -3/56 HPs)
             Began as a Djinni Reaver on Aug 2, 2019.
             Was a Follower of Vehumet.
             Slain by flt's ghost (6 damage)
             ... on level 3 of the Dungeon on Aug 23, 2019.
             The game lasted 00:28:02 (4784 turns).

MisterOstroum the Skirmisher (Djinni Reaver)        Turns: 4784, Time: 00:28:02

Health: -3/56      AC:  7    Str: 14    XL:     6   Next: 56%
Magic:  13/13      EV: 12    Int: 18    God:    Vehumet [*.....]
Gold:   192        SH:  0    Dex:  9    Spells: 13/15 levels left

rFire    . . .     SeeInvis +   a - +2 trident
rCold    . . .     Gourm    .   (no shield)
rNeg     . . .     Faith    .   b - +1 steam dragon scales
rPois    .         Spirit   .   (no helmet)
rElec    .         Reflect  .   n - scarf {cloud immunity}
rCorr    .         Harm     .   r - +0 pair of gloves
MR       .....     Rnd*Rage +   (boots unavailable)
Stlth    +++.......             (no amulet)
HPRegen  0.18/turn              p - ring of see invisible
MPRegen  0.13/turn              h - ring of stealth

@: flying
A: never pass out, berserk 2, blink, blurry vision 2, wild magic 2, MP-powered
wands, floating
a: Blink, Renounce Religion


You were on level 3 of the Dungeon.
You worshipped Vehumet.
Vehumet was aware of your devotion.
You were near starving.

You visited 1 branch of the dungeon, and saw 4 of its levels.

You collected 192 gold pieces.

Inventory:

Hand Weapons
 a - a +2 trident (weapon)
 F - a +1 flail of protection
Missiles
 v - 678 stones (quivered)
 w - 253 arrows
 B - 133 tomahawks
Armour
 b - +1 steam dragon scales (worn)
 f - a +0 ring mail
 n - a scarf of cloud immunity (worn)
 r - a +0 pair of gloves (worn)
Magical Staves
 y - an uncursed staff of earth {unknown}
Jewellery
 h - a ring of stealth (right hand)
 p - a ring of see invisible (left hand)
 E - an uncursed ring of protection from cold {unknown}
Scrolls
 d - 2 scrolls of immolation
 l - a scroll of enchant armour
 m - 5 scrolls of remove curse {@r2}
 o - a scroll of magic mapping {@r5 !r}
 s - 3 scrolls of fog {unknown}
 t - 5 scrolls of identify {@r1}
 u - 3 scrolls of amnesia {unknown}
 C - 2 scrolls of teleportation {unknown}
Potions
 c - a potion of haste {@q4 !q}
 g - a potion of lignification {unknown}
 i - a potion of curing {unknown}
 j - a potion of magic {unknown}
 k - a potion of degeneration {unknown}
 q - a potion of brilliance {unknown}
 x - a potion of might {unknown}
 z - a potion of berserk rage {unknown}
 A - a potion of mutation {unknown}
 D - a potion of heal wounds {unknown}
Comestibles
 e - 9 rations {!d}


   Skills:
 - Level 5.3 Fighting
 - Level 3.8 Polearms
 - Level 3.0 Dodging
 - Level 5.0 Spellcasting
 + Level 4.2 Conjurations


You had 13 spell levels left.
You knew the following spells:

 Your Spells              Type           Power        Failure   Level  Hunger
a - Magic Dart            Conj           ####         7%          1    None
b - Sandblast             Erth           #.....       26%         1    None

Your spell library contained the following spells:

 Spells                   Type           Power        Failure   Level  Hunger
 Iskenderun's Battlesphe  Conj/Chrm      ###.....     92%         5    ######.


Dungeon Overview and Level Annotations

Branches:
Dungeon (4/12)
 Temple: D:4-7

Altars:
Hepliaklqana
Uskayaw
Xom

Annotations:
D:3 flt's ghost, amateur DsAc
D:4 exclusions: centaur and sky beast


Innate Abilities, Weirdness & Mutations

You never pass out after going berserk.
You often lose your temper in combat.
You can translocate small distances at will.
Scrolls take you longer to read.
Your spells are harder to cast, but more powerful.
You expend magic power (3 MP) to strengthen your wands.
Your body floats in the air.


Message History

The centaur skeleton is almost destroyed.
The bullfrog skeleton barely misses you.
The centaur skeleton hits you.
You hit the centaur skeleton.
You destroy the centaur skeleton!
Vehumet accepts your kill.
Your Conjurations skill increases to level 4!
The bullfrog skeleton hits you. Flt's ghost stares at you.
The bullfrog skeleton hits you but does no damage.
You blink.
You are near starving!
You blink.
You feel slightly more hungry.
Attack whom?
Press: ? - help, Dir - move target cursor, f - bullfrog skeleton
Aim: a bullfrog skeleton You reach to attack!
You hit the bullfrog skeleton.
The bullfrog skeleton is lightly damaged.
You barely miss flt's ghost. You barely miss flt's ghost.
The bullfrog skeleton closely misses you.
Flt's ghost closely misses you. The bullfrog skeleton misses you.
Cast which spell? (? or * to list)
Aiming: Magic Dart (safe; 7% risk of failure)
Press: ? - help, Shift-Dir - straight line, f - flt's ghost, p - bullfrog skeleton
Aim: flt's ghost The magic dart hits flt's ghost.
Flt's ghost hits you.
The bullfrog skeleton hits you but does no damage.
Casting: Magic Dart (safe; 7% risk of failure)
Confirm with . or Enter, or press ? or * to list all spells.
Aiming: Magic Dart (safe; 7% risk of failure)
Press: ? - help, Shift-Dir - straight line, f/p - flt's ghost
Aim: flt's ghost The magic dart hits flt's ghost.
Flt's ghost is lightly damaged.
Flt's ghost misses you. The bullfrog skeleton hits you.
You hit flt's ghost but do no damage.
Flt's ghost is lightly damaged.
The bullfrog skeleton hits you. Flt's ghost closely misses you.
The bullfrog skeleton closely misses you.
Flt's ghost hits you but does no damage.
You barely miss flt's ghost.
Flt's ghost is lightly damaged.
The bullfrog skeleton barely misses you.
Flt's ghost closely misses you.
You closely miss flt's ghost.
Flt's ghost is lightly damaged.
The bullfrog skeleton hits you.
Flt's ghost hits you but does no damage.
The bullfrog skeleton hits you but does no damage.
You closely miss flt's ghost.
Flt's ghost is lightly damaged.
The bullfrog skeleton hits you. Flt's ghost misses you.
You hit flt's ghost.
Flt's ghost is lightly damaged.
The bullfrog skeleton barely misses you.
Flt's ghost closely misses you. The bullfrog skeleton misses you.
You hit flt's ghost but do no damage.
Flt's ghost is lightly damaged.
Flt's ghost hits you but does no damage.
The bullfrog skeleton hits you but does no damage.
You hit flt's ghost but do no damage.
Flt's ghost is lightly damaged.
The bullfrog skeleton hits you but does no damage.
Flt's ghost closely misses you.
Press: ? - help, v - describe, . - travel
Here: flt's ghost (lightly damaged)
The floor.
You hit flt's ghost but do no damage.
Flt's ghost is lightly damaged.
The bullfrog skeleton hits you but does no damage.
Flt's ghost hits you but does no damage.
The bullfrog skeleton hits you.
You barely miss flt's ghost.
Flt's ghost is lightly damaged.
Flt's ghost hits you.
* * * LOW HITPOINT WARNING * * *
The bullfrog skeleton barely misses you.
You hit flt's ghost but do no damage.
Flt's ghost is lightly damaged.
The bullfrog skeleton hits you.
* * * LOW HITPOINT WARNING * * *
Flt's ghost misses you.
The bullfrog skeleton hits you but does no damage.
Flt's ghost misses you.
You barely miss flt's ghost.
Flt's ghost is lightly damaged.
The bullfrog skeleton barely misses you.
Flt's ghost hits you.
* * * LOW HITPOINT WARNING * * *
Flt's ghost barely misses you.
You blink.
You feel slightly more hungry.
The bullfrog skeleton hits you but does no damage.
You blink.
You feel slightly more hungry.
Okay, then.
You closely miss flt's ghost.
Flt's ghost is lightly damaged.
The bullfrog skeleton closely misses you.
Flt's ghost hits you.
You die...

####### ###.........# #.#########
#.# ##### #.# ##### ######...##
######### #.... ..#.......##
#.#.#.#.# #.### #.#.#..#...#
#.....#.# #.# #
#.#.#.>....######W..§'.######.###
#.#.#....##....#@Z...'.........##
#.#.#.#####.#####$...'.######..##
#.#.#.## ##.# #..§..#.# #..##
#.#.##.###.## #.#.#.#.# #..##
..#.###...## ######### ##....
.##......## #.# #..... .#######.#
##'## #.#.#. .# #.# ##...##
###..... .# #.###
##.....###.......


You could see flt's ghost and a bullfrog skeleton.

Vanquished Creatures
  A phantom (D:3)
  A scorpion (D:4)
  A crimson imp (D:4)
  A centaur skeleton (D:3)
  2 worker ants (D:4)
  A hound zombie (D:3)
  A howler monkey skeleton (D:4)
  6 adders
  3 oozes
  2 worms (D:2)
  2 dart slugs
  2 leopard geckos (D:1)
  5 orcs (D:4)
  2 giant cockroaches
  5 goblins
  7 hobgoblins
  7 kobolds
  A quokka (D:3)
  A ball python (D:1)
  5 bats
  5 frilled lizards
  4 rats
65 creatures vanquished.

Notes
Turn   | Place    | Note
-------+----------+-------------------------------------------
     0 | D:1      | MisterOstroum the Djinni Reaver began the quest for the
                  | Orb.
     0 | D:1      | Reached XP level 1. HP: 19/19 MP: 4/4
   184 | D:1      | Reached XP level 2. HP: 24/26 MP: 6/6
  1012 | D:1      | Reached XP level 3. HP: 33/33 MP: 8/8
  1688 | D:2      | Reached * piety under Vehumet
  1688 | D:2      | Offered knowledge of Magic Dart by Vehumet.
  1697 | D:2      | Learned a level 1 spell: Magic Dart
  2127 | D:2      | Upgraded the game from bcrawl-1.13.1 to bcrawl-1.13.5
  2306 | D:2      | Found a hazy altar of Hepliaklqana.
  2554 | D:3      | Gained mutation: Your spells are harder to cast, but more
                  | powerful. [Djinni growth]
  2554 | D:3      | Gained mutation: You can translocate small distances at
                  | will. [Djinni growth]
  2554 | D:3      | Reached XP level 4. HP: 40/40 MP: 6/9
  3130 | D:3      | Reached skill level 5 in Spellcasting
  3356 | D:3      | Noticed a phantom
  3541 | D:4      | Found a shimmering altar of Xom.
  3545 | D:4      | Found a shimmering altar of Xom.
  3679 | D:4      | Reached XP level 5. HP: 47/47 MP: 9/12
  3754 | D:4      | Noticed a centaur
  3872 | D:4      | Reached skill level 5 in Fighting
  3974 | D:4      | Reached skill level 1 in Conjurations
  4216 | D:4      | Reached XP level 6. HP: 56/56 MP: 13/13
  4264 | D:4      | Noticed a sky beast
  4388 | D:4      | Offered knowledge of Sandblast by Vehumet.
  4391 | D:4      | Learned a level 1 spell: Sandblast
  4396 | D:4      | Found a hide-covered altar of Uskayaw.
  4722 | D:3      | Found a runed translucent gate.
  4722 | D:3      | Found a runed translucent gate.
  4722 | D:3      | Found a runed translucent gate.
  4735 | D:3      | Noticed flt's ghost (amateur DsAc)
  4784 | D:3      | Slain by flt's ghost

Skill      XL: |  1  2  3  4  5  6 |
---------------+-------------------+-----
Fighting       | 4 5 |  5.3
Spellcasting   | 5 |  5.0
Conjurations   | 2 4 |  4.2
Polearms       | |  3.8
Dodging        | |  3.0

Action                   |  1- 3 |  4- 6 || total
-------------------------+-------+-------++-------
Melee: Trident           |   150 |   115 ||   265
Throw: Stone             |    15 |    20 ||    35
 Cast: Magic Dart        |    10 |    30 ||    40
 Abil: Blink             |       |     5 ||     5
  Use: Scroll            |     6 |       ||     6
 Stab: Sleeping          |     5 |     3 ||     8
  Eat: Chunk             |     5 |     6 ||    11
Armor: Steam dragon scal |    46 |    35 ||    81
Dodge: Dodged            |    72 |    52 ||   124
